 Dungeon Crawl Stone Soup version 0.26.1-2-gb8aa6d0cf2 (webtiles) character file.

Game seed: 16009494276774984358

746 ANNNA the Magician (level 7, -3/36 HPs)
             Began as a Deep Elf Venom Mage on Mar 26, 2021.
             Was an Initiate of Sif Muna.
             Slain by a water moccasin skeleton (4 damage)
             ... on level 5 of the Dungeon on Mar 28, 2021.
             The game lasted 00:17:00 (7363 turns).

ANNNA the Magician (Deep Elf Venom Mage)            Turns: 7363, Time: 00:17:00

Health: -3/36      AC:  2    Str:  7    XL:     7   Next: 48%
Magic:  19/19      EV: 13    Int: 20    God:    Sif Muna [......]
Gold:   309        SH:  0    Dex: 15    Spells: 6/19 levels left

rFire    . . .     SeeInvis .   C - +0 dagger (speed)
rCold    + . .     Faith    .   (no shield)
rNeg     . . .     Spirit   .   a - +0 robe
rPois    .         Reflect  .   (no helmet)
rElec    .         Harm     .   (no cloak)
rCorr    .         Rampage  .   (no gloves)
Will     .....                  (no boots)
Stlth    ++........             (no amulet)
HPRegen  0.12/turn              s - ring of protection from cold
MPRegen  0.16/turn              (no ring)

@: no status effects
A: no striking features
a: Renounce Religion


You were on level 5 of the Dungeon.
You worshipped Sif Muna.
Sif Muna was noncommittal.
You visited 2 branches of the dungeon, and saw 6 of its levels.

You collected 309 gold pieces.

Inventory:

Hand Weapons
 f - a +0 dagger
 C - a +0 dagger of speed (weapon)
 D - the +7 whip of Zyci {flame, +Rage rN+++ Int+4 Dex-4, unknown}
   (You found it on level 5 of the Dungeon)

   It has been specially enchanted to burn those struck by it, causing extra
   injury to most foes and up to half again as much damage against particularly
   susceptible opponents.
   It affects your intelligence (+4).
   It affects your dexterity (-4).
   It renders you almost immune to negative energy.
   It lets you go berserk.
Missiles
 c - 119 stones
Armour
 a - a +0 robe (worn)
 q - a +2 pair of gloves of dexterity
Jewellery
 e - an uncursed ring of see invisible {unknown}
 j - a cursed -4 ring of evasion {unknown}
 l - an uncursed amulet of faith {unknown}
 p - an uncursed ring of see invisible {unknown}
 s - a ring of protection from cold (left hand)
 y - an uncursed ring of positive energy {unknown}
Wands
 v - a wand of paralysis (7)
 x - a wand of digging (8)
 B - a wand of iceblast (4)
Scrolls
 b - a scroll of fear {unknown}
 d - 2 scrolls of teleportation
 g - a scroll of amnesia {unknown}
 h - 3 scrolls of fog {unknown}
 k - a scroll of immolation {unknown}
 t - 4 scrolls of identify {unknown}
 w - a scroll of random uselessness {unknown}
 z - a scroll of enchant weapon {unknown}
Potions
 i - 3 potions of might {unknown}
 m - a potion of magic {unknown}
 n - 2 potions of flight {unknown}
 o - 2 potions of resistance {unknown}
 r - a potion of cancellation {unknown}
 u - a potion of lignification {unknown}
 A - 2 potions of curing {unknown}


   Skills:
 + Level 0.1 Short Blades
 + Level 3.1 Dodging
 + Level 3.0 Stealth
 + Level 6.8 Spellcasting
 + Level 2.5 Transmutations
 + Level 0.7 Fire Magic
 + Level 3.0 Air Magic
 + Level 6.3 Poison Magic


You had 6 spell levels left.
You knew the following spells:

 Your Spells              Type           Power        Failure   Level
a - Sting                 Tmut/Pois      96%          1%          1
b - Poisonous Vapours     Pois/Air       50%          2%          2
c - Ignite Poison         Fire/Tmut/Pois 19%          8%          3
d - Mephitic Cloud        Conj/Pois/Air  19%          9%          3
e - Olgreb's Toxic Radia  Pois           32%          7%          4

Your spell library contained the following spells:

 Spells                   Type           Power        Failure   Level


Dungeon Overview and Level Annotations

Branches:
Dungeon (5/15)             Temple (1/1) D:5

Altars:
Ashenzari
Cheibriados
Dithmenos
Elyvilon
Gozag
Hepliaklqana
Kikubaaqudgha
Okawaru
Qazlal
Ru
Sif Muna
Uskayaw
Vehumet
Wu Jian
Xom
Zin
The Shining One


Message History

The water moccasin skeleton bites you!
You hit the water moccasin skeleton.
The water moccasin skeleton is moderately damaged.
The water moccasin skeleton bites you!
* * * LOW HITPOINT WARNING * * *
You hit the water moccasin skeleton.
The water moccasin skeleton is moderately damaged.
The water moccasin skeleton bites you.
* * * LOW HITPOINT WARNING * * *
The water moccasin skeleton closely misses you.
The water moccasin skeleton closely misses you.
The water moccasin skeleton bites you.
* * * LOW HITPOINT WARNING * * *
The water moccasin skeleton bites you.
* * * LOW HITPOINT WARNING * * *
There is an open door here.
The water moccasin skeleton bites you.
* * * LOW HITPOINT WARNING * * *
The water moccasin skeleton bites you.
You die...

......##...### #.####
##.##.....
....####.#...###.####
#.#......
....................##
#........
######...............#
##........
#...###...###...###.........
#...#...'#.....#.#.........#
#....#.....##..##.....)....#
#...##....Z#...##.........##
##...'.._..@...##....[.....[
#..##.....##..###..........
#..#.......#..##...........
#..##...#.##..#.....#......
#..####.####...........###.
#...............#.....## #.
#...............#.....# #.
##############........# #.
#....###.## #.


You could see a water moccasin skeleton.

Vanquished Creatures
  Blork the orc (D:5)
  2 scorpions
  A centaur skeleton (D:5)
  2 hounds
  An orc priest (D:3)
  A bullfrog skeleton (D:5)
  An iron imp (D:5)
  An orc wizard (D:3)
  Ijyb (D:5)
  2 worker ants
  10 adders
  8 gnolls
  2 white imps (D:5)
  A worm (D:2)
  3 dart slugs (D:1)
  3 leopard geckos
  11 orcs
  11 bats
  6 giant cockroaches
  9 goblins
  4 hobgoblins
  7 jackals (D:4)
  6 kobolds
  5 quokkas
  A ball python (D:2)
  6 frilled lizards
  A goblin skeleton (D:5)
  A goblin zombie (D:5)
  A hobgoblin zombie (D:5)
  A kobold zombie (D:5)
  2 orc skeletons (D:5)
  10 rats
122 creatures vanquished.

Vanquished Creatures (others)
  12 plants
12 creatures vanquished.

Grand Total: 134 creatures vanquished

Notes
Turn   | Place    | Note
-------+----------+-------------------------------------------
     0 | D:1      | ANNNA the Deep Elf Venom Mage began the quest for the Orb.
     0 | D:1      | Reached XP level 1. HP: 10/10 MP: 6/6
   336 | D:1      | Reached XP level 2. HP: 6/15 MP: 0/8
   572 | D:1      | Learned a level 2 spell: Poisonous Vapours
  1062 | D:1      | Reached XP level 3. HP: 19/19 MP: 7/10
  1066 | D:1      | Learned a level 3 spell: Ignite Poison
  1070 | D:1      | Learned a level 3 spell: Mephitic Cloud
  1767 | D:2      | Found a snail-covered altar of Cheibriados.
  1773 | D:2      | Found a white marble altar of Elyvilon.
  2034 | D:2      | Reached XP level 4. HP: 24/24 MP: 7/12
  2151 | D:2      | Reached skill level 1 in Air Magic
  3293 | D:3      | Reached XP level 5. HP: 28/28 MP: 0/14
  3432 | D:2      | Learned a level 4 spell: Olgreb's Toxic Radiance
  3471 | D:3      | Noticed a phantom
  3574 | D:3      | Reached skill level 5 in Spellcasting
  4127 | D:3      | Found an opulent altar of Gozag.
  4331 | D:4      | Reached XP level 6. HP: 32/32 MP: 12/16
  4332 | D:4      | Reached skill level 5 in Poison Magic
  5371 | D:5      | Entered Level 5 of the Dungeon
  5573 | D:5      | Found a staircase to the Ecumenical Temple.
  5611 | Temple   | Entered the Ecumenical Temple
  5734 | Temple   | Became a worshipper of Sif Muna the Loreminder
  5823 | D:5      | Reached XP level 7. HP: 36/36 MP: 13/18
  5863 | D:5      | Noticed Blork the orc
  5870 | D:5      | Killed Blork the orc
  5989 | D:5      | Noticed Ijyb
  5994 | D:5      | Killed Ijyb
  6135 | D:5      | Got a polished whip
  6453 | D:5      | Found a glowing silver altar of Zin.
  6889 | D:5      | Found a glowing golden altar of the Shining One.
  7362 | D:5      | HP: 1/36 [water moccasin skeleton (2)]
  7363 | D:5      | Slain by a water moccasin skeleton

Illustrated notes

Levels and vault maps discovered:
D:1:      dpeg_arrival_erosion, layout_basic, st_stairs_3, hangedman_decor_push,
          minmay_close_crescents
D:2:      layout_basic, chequers_temple_overflow_statue_of_worship,
          nicolae_overflow_hidden_temple, serial_forest,
          infiniplex_forest_end_2, infiniplex_forest_lined_4_way,
          infiniplex_forest_straight_2, infiniplex_forest_split,
          infiniplex_forest_clump_curved, minmay_misc_feat_iff
D:3:      layout_rooms, nicolae_gozag_cash_rules_everything_around_me,
          serial_bayou_pond_a
D:4:      layout_basic
D:5:      layout_layer_cave, minmay_temple_entry_statues_pillars, basic_altar,
          nicolae_tso_besieged_by_evil, uniq_blork_the_orc, uniq_ijyb
Temple:   dpeg_five_rooms_temple

Skill      XL: |  1  2  3  4  5  6  7 |
---------------+----------------------+-----
Poison Magic   | 4 5 6 |  6.3
Spellcasting   | 4 5 6 |  6.8
Air Magic      | 1 2 3 |  3.0
Stealth        | 3 |  3.0
Transmutations | 2 |  2.5
Dodging        | 3 |  3.1
Short Blades   | |  0.1
Fire Magic     | |  0.7

Action                   |  1- 3 |  4- 6 |  7- 9 || total
-------------------------+-------+-------+-------++-------
Melee: Unarmed           |     1 |       |       ||     1
       Dagger            |       |    22 |    55 ||    77
Throw: Stone             |       |       |     4 ||     4
 Cast: Sting             |    35 |    44 |    11 ||    90
       Poisonous Vapours |    29 |    73 |     9 ||   111
       Ignite Poison     |     2 |     4 |     4 ||    10
       Olgreb's Toxic Ra |       |     1 |       ||     1
       Mephitic Cloud    |       |       |     3 ||     3
Evoke: Wand              |       |       |     2 ||     2
  Use: Scroll            |       |     1 |     1 ||     2
 Stab: Sleeping          |       |     2 |       ||     2
Armor: Robe              |     2 |     8 |     2 ||    12
Dodge: Dodged            |    12 |    24 |    21 ||    57
